 Dungeon Crawl Stone Soup version 0.20.1-1-g8b1a95d (webtiles) character file.

37 jvknxa the Ogre Mage (level 3, -2/31 HPs)
             Began as an Ogre Wizard on July 29, 2017.
             Slain by a kobold
             ... wielding a +2 whip of electrocution
              (3 damage)
             ... on level 2 of the Dungeon.
             The game lasted 00:16:14 (1208 turns).

jvknxa the Ogre Mage (Ogre Wizard)                  Turns: 1208, Time: 00:16:14

Health: -2/31      AC:  3    Str: 11    XL:     3   Next: 41%
Magic:  1/8        EV: 10    Int: 20    God:
Gold:   67         SH:  0    Dex:  7    Spells: 6/10 levels left

rFire    . . .     SeeInvis .   k - +0 dagger
rCold    . . .     Gourm    .   (no shield)
rNeg     . . .     Faith    .   a - +0 robe
rPois    .         Spirit   .   b - +0 hat
rElec    .         Reflect  .   (no cloak)
rCorr    .         Harm     .   (gloves unavailable)
MR       .....                  (boots unavailable)
Stlth    +.........             (no amulet)
Regen    0.1/turn               (no ring)
MPRegen  0.2/turn               (no ring)

@: lethally poisoned (-2 -> -16)
A: unfitting armour, tough skin 1
a: no special abilities


You were on level 2 of the Dungeon.
You were hungry.

You visited 1 branch of the dungeon, and saw 2 of its levels.

You collected 67 gold pieces.

Inventory:

Hand Weapons
 k - a +0 dagger (weapon)
 l - a +0 short sword
Missiles
 m - 22 stones (quivered)
 p - 12 poisoned needles
Armour
 a - a +0 robe (worn)
 b - a +0 hat (worn)
Scrolls
 e - a scroll of teleportation {unknown}
 g - 2 scrolls of blinking {unknown}
 i - a scroll of fear {unknown}
 n - a scroll of identify {unknown}
 o - 2 scrolls of remove curse {unknown}
Potions
 j - a potion of heal wounds {unknown}
 q - a potion of cancellation {unknown}
Books
 c - a book of Minor Magic

   Spells                             Type                      Level
   a - Magic Dart                     Conjuration                  1
   b - Blink                          Translocation                2
   c - Call Imp                       Summoning                    2
   d - Slow                           Hexes                        2
   e - Conjure Flame                  Conjuration/Fire             3
   f - Mephitic Cloud                 Conjuration/Poison/Air       3
Comestibles
 d - a bread ration


   Skills:
 - Level 1.7 Dodging
 - Level 1.4 Stealth
 * Level 4.3 Spellcasting
 + Level 2.1 Conjurations
   Level 0.8 Summonings
   Level 0.8 Translocations


You had 6 spell levels left.
You knew the following spells:

 Your Spells              Type           Power        Failure   Level  Hunger
a - Magic Dart            Conj           ##..         5%          1    None
b - Conjure Flame         Conj/Fire      #.......     24%         3    ###....


Dungeon Overview and Level Annotations

Branches:
Dungeon (2/15)

Altars:


Innate Abilities, Weirdness & Mutations

You are too large for most types of armour.
You have tough skin. (AC +1)


Message History

You closely miss the adder.
You feel sick. The adder closely misses you.
You hit the adder but do no damage. The adder bites you but does no damage.
The adder bites you.
* * * LOW HITPOINT WARNING * * *
You are lethally poisoned!
The adder poisons you!
You barely miss the adder.
* * * LOW HITPOINT WARNING * * *
You feel sick. The adder barely misses you.
You closely miss the adder.
* * * LOW HITPOINT WARNING * * *
You feel sick. The adder bites you.
* * * LOW HITPOINT WARNING * * *
The kobold closely misses you.
You barely miss the adder. The adder bites you.
* * * LOW HITPOINT WARNING * * *
You are more poisoned.
The adder poisons you!
The kobold hits you with a whip of electrocution.
You die...

#.# ... ####### ###.#
#.# #.....K ...#
####.###.#####
#.######....##..?...#
#...KKr.............#
#r######.#####......#
#...K# #.# ##.##...
#.##K# #.# #.# ###
#!##@# #.# #.. ..##S#
#.# #### ##.##.# #.#
..r..# #[# .!##.# #.
#.. ###


You could see an adder and 2 kobolds.

Vanquished Creatures
  An adder (D:2)
  A dart slug (D:1)
  A giant cockroach (D:1)
  5 goblins
  3 hobgoblins (D:1)
  4 kobolds (D:1)
  A ball python (D:1)
  A bat (D:2)
  2 frilled lizards
  9 rats
28 creatures vanquished.

Notes
Turn   | Place    | Note
-------+----------+-------------------------------------------
     0 | D:1      | jvknxa the Ogre Wizard began the quest for the Orb.
     0 | D:1      | Reached XP level 1. HP: 16/16 MP: 5/5
   117 | D:1      | Reached skill level 1 in Conjurations
   184 | D:1      | Reached XP level 2. HP: 24/24 MP: 0/6
   277 | D:1      | Reached skill level 4 in Spellcasting
   828 | D:1      | Reached XP level 3. HP: 31/31 MP: 5/8
  1092 | D:2      | Learned a level 3 spell: Conjure Flame
  1135 | D:2      | HP: 1/31 [poisoned by an adder]
  1208 | D:2      | HP: 1/31 [adder (2)]
  1208 | D:2      | Slain by a kobold

Skill      XL: |  1  2  3 |
---------------+----------+-----
Conjurations   | 1 2 |  2.1
Spellcasting   | 4 |  4.3
Dodging        | |  1.7
Stealth        | |  1.4
Summonings     | |  0.8
Translocations | |  0.8

Action                   || total
-------------------------++-------
Melee: Dagger            ||    24
 Cast: Magic Dart        ||    62
       Conjure Flame     ||     2
  Use: Potion            ||     1
Armor: Robe              ||    18
Dodge: Dodged            ||    35
